 Dungeon Crawl Stone Soup version 0.21.1-1-g345015f (webtiles) character file.

55 Chopsticks the Skirmisher (level 3, -4/34 HPs)
             Began as a Minotaur Berserker on Mar 21, 2018.
             Was a Follower of Trog.
             Killed by divine providence
             ... invoked by an orc priest
              (12 damage)
             ... on level 3 of the Dungeon.
             The game lasted 00:02:36 (1403 turns).

Chopsticks the Skirmisher (Minotaur Berserker)      Turns: 1403, Time: 00:02:37

Health: -4/34      AC:  9    Str: 21    XL:     3   Next: 67%
Magic:  2/2        EV:  8    Int:  4    God:    Trog [*.....]
Gold:   116        SH:  0    Dex: 10    Spells: 2/2 levels left

rFire    . . .     SeeInvis .   a - +0 hand axe
rCold    . . .     Gourm    .   (no shield)
rNeg     . . .     Faith    .   m - +0 chain mail
rPois    .         Spirit   .   (helmet restricted)
rElec    .         Reflect  .   (no cloak)
rCorr    .         Harm     .   (no gloves)
MR       .....                  (no boots)
Stlth    ..........             (no amulet)
HPRegen  0.11/turn              (no ring)
MPRegen  0.08/turn              (no ring)

@: no status effects
A: retaliatory headbutt, horns 2
a: Berserk, Burn Spellbooks, Renounce Religion


You were on level 3 of the Dungeon.
You worshipped Trog.
Trog was aware of your devotion.
You were hungry.

You visited 1 branch of the dungeon, and saw 3 of its levels.

You collected 116 gold pieces.

Inventory:

Hand Weapons
 a - a +0 hand axe (weapon)
Armour
 b - a +0 animal skin
 m - a +0 chain mail (worn)
Scrolls
 d - a scroll of remove curse {unknown}
 e - a scroll of teleportation {unknown}
 h - 2 scrolls of identify {unknown}
 i - 2 scrolls of immolation {unknown}
 j - 2 scrolls of blinking {unknown}
 l - a scroll of magic mapping {unknown}
Potions
 f - a potion of lignification {unknown}
 g - a potion of ambrosia {unknown}
 k - a potion of invisibility {unknown}
Comestibles
 c - 5 rations


   Skills:
 + Level 4.7 Fighting
 + Level 4.4 Axes
 + Level 2.8 Armour
 + Level 2.3 Dodging
 + Level 0.1 Stealth


You had 2 spell levels left.
You didn't know any spells.

Dungeon Overview and Level Annotations

Branches:
Dungeon (3/15)

Altars:
Elyvilon


Innate Abilities, Weirdness & Mutations

You reflexively headbutt those who attack you in melee.
You have a pair of horns on your head.


Message History

* * * LOW HITPOINT WARNING * * *
The orc barely misses you.
You are too injured to fight recklessly!
You are too injured to fight recklessly!
Your chain mail prevents you from hitting the orc priest.
The orc priest is moderately wounded.
You hit the orc but do no damage.
The orc priest calls upon Beogh to heal the orc.
The orc's wounds heal themselves!
You hit the orc priest but do no damage.
The orc priest is moderately wounded.
You hit the orc but do no damage. The orc hits you but does no damage.
The orc priest hits you with a club.
* * * LOW HITPOINT WARNING * * *
Your chain mail prevents you from hitting the orc priest.
The orc priest is moderately wounded.
You hit the orc but do no damage. The orc barely misses you.
The orc priest calls down the wrath of Beogh upon you.
Beogh smites you!
You die...

#.......#.#.###
#.......#.#.#
#.......#.#.#
####.......#...#
#....(.....)...#
#.##.......##..#
#.##....[..#
>...
#####o########.#
#..
#...o@......##.#
.
#.###.#####.#...
... .#.# ..... .
.# .......
.#.......
#.#.##..#.. # #.
..#.#.


You could see an orc priest and an orc.

Vanquished Creatures
  An adder (D:2)
  A worm (D:3)
  3 leopard geckos
  An orc (D:3)
  A ball python (D:1)
  4 bats
  3 giant cockroaches (D:1)
  5 goblins
  6 hobgoblins
  4 frilled lizards
  5 kobolds
  2 rats (D:3)
36 creatures vanquished.

Notes
Turn   | Place    | Note
-------+----------+-------------------------------------------
     0 | D:1      | Chopsticks the Minotaur Berserker began the quest for the Orb.
     0 | D:1      | Reached XP level 1. HP: 19/19 MP: 0/0
   276 | D:1      | Reached XP level 2. HP: 27/27 MP: 1/1
   750 | D:2      | Reached XP level 3. HP: 33/34 MP: 2/2
  1056 | D:2      | Found a white marble altar of Elyvilon.
  1403 | D:3      | Killed from afar by an orc priest

Skill      XL: |  1  2 |
---------------+-------+-----
Fighting       | 4 |  4.7
Axes           | 4 |  4.4
Armour         | |  2.8
Dodging        | |  2.3
Stealth        | |  0.1

Action                   || total
-------------------------++-------
Melee: Hand axe          ||    84
       Headbutt          ||    10
  Eat: Chunk             ||     1
Armor: Animal skin       ||     6
       Ring mail         ||    22
       Chain mail        ||     7
Dodge: Dodged            ||    55
